 Dungeon Crawl Stone Soup version 0.22-a0-396-g3f858e3 (webtiles) character file.

96 Firecrotchwizard the Chopper (level 4, -5/42 HPs)
             Began as a Deep Dwarf Fighter on May 3, 2018.
             Killed by nerve-wracking pain
             ... invoked by an orc priest
              (7 damage)
             ... on level 3 of the Dungeon.
             The game lasted 00:02:18 (1673 turns).

Firecrotchwizard the Chopper (Deep Dwarf Fighter)   Turns: 1673, Time: 00:02:19

Health: -5/42      AC:  9    Str: 20    XL:     4   Next: 41%
Magic:  4/4        EV:  5    Int:  9    God:
Gold:   120        SH:  9    Dex: 12    Spells: 3/3 levels left

rFire    . . .     SeeInvis .   a - +0 war axe
rCold    . . .     Gourm    .   c - +0 shield
rNeg     . . .     Faith    .   k - +0 chain mail
rPois    .         Spirit   .   (no helmet)
rElec    .         Reflect  .   (no cloak)
rCorr    .         Harm     .   (no gloves)
MR       .....                  (no boots)
Stlth    ..........             (no amulet)
HPRegen  0.00/turn              (no ring)
MPRegen  0.09/turn              (no ring)

@: non-regenerating, slowed, very slow
A: damage resistance, heal wounds, sense surroundings 1, no regeneration
a: Heal Wounds


You were on level 3 of the Dungeon.
You were not hungry.

You visited 1 branch of the dungeon, and saw 3 of its levels.

You collected 120 gold pieces.

Inventory:

Hand Weapons
 a - a +0 war axe (weapon)
Armour
 b - a +0 scale mail
 c - a +0 shield (worn)
 k - a +0 chain mail (worn)
   (You found it on level 1 of the Dungeon)
Jewellery
 q - a +6 ring of slaying {unknown}
   (You found it on level 3 of the Dungeon)
Wands
 o - a wand of scattershot (4)
   (You found it on level 2 of the Dungeon)
Scrolls
 h - a scroll of remove curse {unknown}
 i - 2 scrolls of enchant weapon {unknown}
 l - a scroll of identify {unknown}
 m - a scroll of amnesia {unknown}
 n - a scroll of random uselessness {unknown}
 p - a scroll of teleportation {unknown}
Potions
 d - a potion of might
 e - a potion of curing {unknown}
 j - a potion of flight {unknown}
 r - a potion of mutation {unknown}
 s - a potion of haste {unknown}
Comestibles
 f - 6 rations {@e1}
 g - 2 chunks of flesh {@w0}


   Skills:
 + Level 3.4 Fighting
 * Level 4.4 Axes
 - Level 3.2 Armour
 - Level 3.2 Shields


You had 3 spell levels left.
You didn't know any spells.

Dungeon Overview and Level Annotations

Branches:
Dungeon (3/15)

Altars:
Hepliaklqana


Innate Abilities, Weirdness & Mutations

You are resistant to damage.
You can heal yourself by infusing magical energy.
You passively map a small area around you.
You do not regenerate.


Message History

There is an open door here.
A worm comes into view.
There is a stone staircase leading down here.
No target in view!
No target in view!
You open the door.
There is an open door here.
The worm is too close now for your liking.
The worm bites you but does no damage.
You hit the worm. The worm bites you.
You hit the worm. You slash the worm! The worm bites you but does no damage.
Your shield and chain mail prevent you from hitting the worm.
The worm bites you but does no damage.
You slash the worm!
You kill the worm!
No target in view!
You butcher the worm corpse.
g - 2 chunks of flesh {@w0} (gained 1)
You open the door.
There is an open door here.
s - an inky potion You now have 120 gold pieces (gained 11).
An orc wizard comes into view. It is wielding a dagger.
The orc wizard shouts!
You hear a shout!
An orc wizard comes into view. It is wielding an enchanted dagger.
The orc wizard shouts!
You hear a shout!
An orc and an orc wizard come into view.
The orc wizard hits you but does no damage.
You closely miss the orc wizard.
The orc wizard hits you but does no damage.
You closely miss the orc wizard. You barely miss the orc wizard.
The orc wizard mumbles some strange words.
The orc wizard blinks!
The orc wizard casts a spell at you.
You feel yourself slow down.
The orc wizard mumbles some strange words.
The orc wizard seems to speed up.
The orc wizard gestures wildly while chanting.
The orc wizard seems to speed up.
The orc wizard closely misses you.
An orc priest comes into view. It is wielding a dagger.
Unknown command.
You closely miss the orc. You hit the orc wizard.
The orc wizard casts a spell.
The orc wizard blinks!
The orc wizard casts a spell at you. The magic dart hits you!
You block the orc's attack. The orc wizard casts a spell at you.
The magic dart hits you! You block the orc wizard's attack.
The orc hits you with a flail.
The orc wizard hits you but does no damage. x2
You take 11 damage, and have 20/42 hp.
MASSIVE DAMAGE!!
You closely miss the orc. You slash the orc wizard! You miss the orc wizard.
You hit the orc wizard but do no damage.
You block the orc wizard's attack. The orc wizard casts a spell at you.
The magic dart hits you! The orc closely misses you.
The orc wizard barely misses you. You block the orc wizard's attack.
The orc wizard hits you but does no damage.
The orc priest invokes the aid of Beogh against you.
Beogh smites you!
* * * LOW HITPOINT WARNING * * *
The orc hits you with a flail.
* * * LOW HITPOINT WARNING * * *
The orc wizard casts a spell.
The orc wizard blinks!
The orc wizard hits you but does no damage.
The orc wizard hits you with a dagger.
An adder comes into view.
You take 12 damage, and have 8/42 hp.
MASSIVE DAMAGE!!
You closely miss the orc. You slash the orc wizard!
You closely miss the orc wizard.
The orc wizard points at you and mumbles some strange words.
The magic dart hits you!
* * * LOW HITPOINT WARNING * * *
The orc wizard casts a spell.
The orc wizard blinks!
You block the orc wizard's attack. The orc hits you but does no damage.
The orc wizard hits you with a dagger. The orc hits you with a flail.
* * * LOW HITPOINT WARNING * * *
An orc comes into view. It is wielding a dagger.
You take 6 damage, and have 2/42 hp.
You closely miss the orc. You closely miss the orc wizard.
Your shield and chain mail prevent you from hitting the orc wizard.
The orc wizard casts a spell.
The orc wizard blinks!
The orc wizard casts a spell.
The orc wizard blinks!
The orc wizard mumbles some strange words.
The orc wizard blinks!
The orc hits you but does no damage.
The orc wizard gestures wildly while chanting.
The orc wizard blinks!
The orc wizard gestures wildly while chanting.
The orc wizard blinks!
The orc priest invokes the aid of Beogh against you.
Pain shoots through your body!
You die...

.....# ....[# .....#
###### #...## #....#
#...# #....# ....# #....#
########## '##.# #....#
#.o..§....
..#.####...o###..o......,
*
...>...'.....§..@o..§...
...#.###....##..§S......
, ...#.#
#######.....o.... ,
...#.# #....#..### ,
...#.# ######.... , ,
...#.# *,.### ,
...#.###### , #
............ ,
'#...#######


You could see an orc priest, 2 orc wizards, an adder and 2 orcs.

Vanquished Creatures
  6 adders
  An ooze (D:2)
  A worm (D:3)
  A leopard gecko (D:2)
  4 goblins
  3 hobgoblins (D:2)
  4 jackals (D:1)
  A quokka (D:2)
  2 ball pythons
  3 bats
  3 frilled lizards
  3 kobolds
  7 rats
39 creatures vanquished.

Notes
Turn   | Place    | Note
-------+----------+-------------------------------------------
     0 | D:1      | Firecrotchwizard the Deep Dwarf Fighter began the quest for the Orb.
     0 | D:1      | Reached XP level 1. HP: 20/20 MP: 1/1
   244 | D:1      | Reached XP level 2. HP: 25/27 MP: 2/2
   499 | D:1      | Reached skill level 3 in Axes
   729 | D:2      | Reached skill level 3 in Fighting
   813 | D:2      | Reached XP level 3. HP: 29/34 MP: 3/3
  1220 | D:2      | Found a hazy altar of Hepliaklqana.
  1277 | D:2      | Reached skill level 4 in Axes
  1495 | D:3      | Reached XP level 4. HP: 31/42 MP: 4/4
  1671 | D:3      | HP: 9/42 [orc priest/divine providence (11)]
  1672 | D:3      | HP: 3/42 [orc wizard/magic dart (5)]
  1673 | D:3      | Killed from afar by an orc priest

Vault maps used:
D:1:      minmay_arrival_up_and_down
D:2:      nicolae_overflow_crystal_walls, first_ration

Skill      XL: |  1  2  3 |
---------------+----------+-----
Axes           | 3 4 |  4.4
Fighting       | 3 |  3.4
Armour         | |  3.2
Shields        | |  3.2

Action                   |  1- 3 |  4- 6 || total
-------------------------+-------+-------++-------
Melee: War axe           |   105 |    35 ||   140
  Eat: Chunk             |     2 |     1 ||     3
Armor: Scale mail        |     7 |       ||     7
       Chain mail        |    54 |    23 ||    77
Dodge: Dodged            |    26 |    12 ||    38
Block: Shield            |    58 |    27 ||    85

Table legend:
 A = Spawn XP
 B = Non-spawn XP
 C = Spawn XP percentage of total XP
 D = Spawn monster count
 E = Non-spawn monster count
 F = Spawn count percentage of total count
 G = Total turns spent on level
                    A         B        C        D         E        F      G
               +---------+---------+-------+---------+---------+-------+---------
         Total |       0 |     138 |   0.0 |       0 |      39 |   0.0 |  1673
               +---------+---------+-------+---------+---------+-------+---------
           D:1 |       0 |      18 |   0.0 |       0 |      13 |   0.0 |   701
           D:2 |       0 |      71 |   0.0 |       0 |      18 |   0.0 |   784
           D:3 |       0 |      49 |   0.0 |       0 |       8 |   0.0 |   188
               +---------+---------+-------+---------+---------+-------+---------

Vault maps used:
D:1:      minmay_arrival_up_and_down
D:2:      nicolae_overflow_crystal_walls, first_ration

Table legend:
 A = Turns spent in this place as a percentage of turns spent in the entire game.
 B = Non-inter-level travel turns spent in this place as a percentage of non-inter-level travel turns spent in the entire game.
 C = Inter-level travel turns spent in this place as a percentage of turns spent in this place.
 D = Turns resting spent in this place as a percentage of non-inter-level travel turns spent in this place.
 E = Turns spent auto-exploring this place as a percentage of non-inter-level travel turns spent in this place.
 F = Non-inter-level travel turns spent in this place divided by the number of levels of this place that you've seen.
                   A       B       C       D       E      F
               +-------+-------+-------+-------+-------+----------------------
         Total | 100.0 | 100.0 |   2.5 |   0.3 |  81.8 | 544.0
       Dungeon | 100.0 | 100.0 |   2.5 |   0.3 |  81.8 | 544.0
               +-------+-------+-------+-------+-------+----------------------

Table legend:
 A = Kills in this place as a percentage of kills in entire the game.
 B = Kills by you in this place as a percentage of kills by you in the entire game.
 C = Kills by friends in this place as a percentage of kills by friends in the entire game.
 D = Other kills in this place as a percentage of other kills in the entire game.
 E = Experience gained in this place as a percentage of experience gained in the entire game.
 F = Experience gained in this place divided by the number of levels of this place that you have seen.
                   A       B       C       D       E      F
               +-------+-------+-------+-------+-------+----------------------
         Total | 100.0 | 100.0 |   N/A |   N/A | 100.0 |  46.0
       Dungeon | 100.0 | 100.0 |   N/A |   N/A | 100.0 |  46.0
               +-------+-------+-------+-------+-------+----------------------
